XFBL
LOS ANGELES DODGERS @ SAN DIEGO PADRES
06/14/1982
 
TOP OF THE 1ST
Los Angeles Dodgers batting - Pitching for San Diego Padres : RHP Raymond Prince
Pitching: RHP Raymond Prince
Batting: RHB Billy Sample 0-0: Ground out U3 (Groundball, 3, EV 91.3 MPH)
Batting: RHB Carney Lansford 0-0: Ball
1-0: Ball
2-0: Ball
3-0: Base on Balls
Batting: RHB Dick Davis 0-0: Ball
Carney Lansford steals 2nd base
1-0: Ball
2-0: Ball
3-0: Called Strike
3-1: Foul Ball, location: 2F
3-2: Strikes out swinging
Batting: RHB Jerry Keller 0-0: Ball
1-0: Foul Ball, location: 2F
1-1: Swinging Strike
1-2: Ball
2-2: Foul Ball, location: 2F
2-2: Ball
3-2: SINGLE (Flyball, 9LS, EV 96.3 MPH)
Carney Lansford to third
Carney Lansford scores
Batting: LHB Ronald Jackson 0-0: Ball
Wild Pitch!
Jerry Keller to second
1-0: Ball
2-0: Called Strike
2-1: Foul Ball, location: 2F
2-2: Fly out, F8 (Flyball, 8LD, EV 94.4 MPH)
Top of the 1st over - 1 run, 1 hit, 0 errors, 1 left on base; Los Angeles 1 - San Diego 0
BOTTOM OF THE 1ST
San Diego Padres batting - Pitching for Los Angeles Dodgers : RHP Sammy Stewart
Pitching: RHP Sammy Stewart
Batting: RHB Bob Dernier 0-0: Ball
1-0: Foul Ball, location: 2F
1-1: Called Strike
1-2: Ball
2-2: Foul Ball, location: 2F
2-2: Ball
3-2: Strikes out swinging
Batting: LHB Jerry McDonald 0-0: Ball
1-0: Called Strike
1-1: Swinging Strike
1-2: Ground out 1-3 (Groundball, 34S, EV 73.8 MPH)
Batting: LHB Tom Dunbar 0-0: Called Strike
0-1: Called Strike
0-2: Strikes out swinging
Bottom of the 1st over - 0 runs, 0 hits, 0 errors, 0 left on base; Los Angeles 1 - San Diego 0
TOP OF THE 2ND
Los Angeles Dodgers batting - Pitching for San Diego Padres : RHP Raymond Prince
Batting: SHB Chris W Smith 0-0: Ball
1-0: Bunted foul
1-1: Fly out, F5 (Popup, 56, EV 41.3 MPH)
Batting: RHB Toby Harrah 0-0: Foul Ball, location: 2F
0-1: Fly out, F5 (Flyball, 5D, EV 91.9 MPH)
Batting: RHB Damaso Garcia 0-0: SINGLE (Groundball, 56D, EV 98.1 MPH)
Batting: RHB Sammy Stewart 0-0: Called Strike
0-1: Ball
1-1: Called Strike
1-2: Ball
2-2: Ball
3-2: Strikes out looking
Top of the 2nd over - 0 runs, 1 hit, 0 errors, 1 left on base; Los Angeles 1 - San Diego 0
BOTTOM OF THE 2ND
San Diego Padres batting - Pitching for Los Angeles Dodgers : RHP Sammy Stewart
Batting: RHB Dennis Dungy 0-0: Called Strike
0-1: Ball
1-1: Ball
2-1: Foul Ball, location: 2F
2-2: SINGLE (Groundball, 6MD, EV 104.4 MPH)
Batting: LHB Darrell Porter 0-0: Ball
1-0: Ball
2-0: Ball
3-0: Called Strike
3-1: Base on Balls
Dennis Dungy to second
Batting: RHB Heriberto Soltero 0-0: Foul Ball, location: 2F
0-1: Ball
1-1: Grounds into double play, 4-6-3 (Groundball, 4, EV 87.5 MPH)
Dennis Dungy to third
Batting: RHB Dave Edler 0-0: Swinging Strike
0-1: Swinging Strike
0-2: Ball
1-2: SINGLE (Line Drive, 3D, EV 107.5 MPH)
Dennis Dungy scores
Batting: LHB Jeffrey Zitek 0-0: Ball
1-0: Swinging Strike
1-1: Ball
2-1: Ball
3-1: Fielders Choice at 2nd, 5-4 (Groundball, 56, EV 85.6 MPH)
Bottom of the 2nd over - 1 run, 2 hits, 0 errors, 1 left on base; Los Angeles 1 - San Diego 1
TOP OF THE 3RD
Los Angeles Dodgers batting - Pitching for San Diego Padres : RHP Raymond Prince
Batting: RHB Billy Sample 0-0: Ball
1-0: SINGLE (Line Drive, 34D, EV 95.0 MPH)
Batting: RHB Carney Lansford 0-0: Ball
1-0: Fielders Choice at 2nd, 5-4 (Groundball, 56, EV 85.0 MPH)
Batting: RHB Dick Davis 0-0: Ball
1-0: Ball
Carney Lansford steals 2nd base (no throw)
2-0: Ball
3-0: Base on Balls
Batting: RHB Jerry Keller 0-0: Ball
1-0: Foul Ball, location: 2F
1-1: Foul Ball, location: 2F
1-2: Foul Ball, location: 2F
1-2: Ball
2-2: Ball
3-2: SINGLE (Line Drive, 34D, EV 98.8 MPH)
Carney Lansford to third
Dick Davis to second
Carney Lansford scores
Dick Davis to third
Batting: LHB Ronald Jackson 0-0: Ball
1-0: Fielders Choice at 2nd, 4-6 (Groundball, 34, EV 103.8 MPH)
Dick Davis scores
Batting: SHB Chris W Smith 0-0: Ball
1-0: Called Strike
Ronald Jackson steals 2nd base
1-1: Called Strike
1-2: Strikes out swinging
Top of the 3rd over - 2 runs, 2 hits, 0 errors, 1 left on base; Los Angeles 3 - San Diego 1
BOTTOM OF THE 3RD
San Diego Padres batting - Pitching for Los Angeles Dodgers : RHP Sammy Stewart
Batting: RHB Raymond Prince 0-0: Ground out 3-1 (Groundball, 34S, EV 81.9 MPH)
Batting: RHB Bob Dernier 0-0: Ball
1-0: Ball
2-0: Ball
3-0: Base on Balls
Batting: LHB Jerry McDonald 0-0: Called Strike
0-1: Ball
1-1: Foul Ball, location: 2F
1-2: SINGLE (Groundball, 6MD, EV 97.5 MPH)
Bob Dernier to second
Runner from 2nd tries for 3rd, SAFE, no throw by CF
Batting: LHB Tom Dunbar 0-0: Ball
Jerry McDonald steals 2nd base
1-0: Fly out, F7 (Flyball, 78M, EV 90.0 MPH)
Runner from 3rd tags up, SCORES, no throw by LF
Batting: RHB Dennis Dungy 0-0: Ball
1-0: SINGLE (Groundball, 56D, EV 104.4 MPH) - runner OUT being hit by batted ball. (infield hit)
Bottom of the 3rd over - 1 run, 2 hits, 0 errors, 1 left on base; Los Angeles 3 - San Diego 2
TOP OF THE 4TH
Los Angeles Dodgers batting - Pitching for San Diego Padres : RHP Raymond Prince
Batting: RHB Toby Harrah 0-0: Ball
1-0: Called Strike
1-1: Fly out, F9 (Flyball, 9LM, EV 108.1 MPH)
Batting: RHB Damaso Garcia 0-0: Ball
1-0: Foul Ball, location: 2F
1-1: Foul Ball, location: 2F
1-2: Fly out, F7 (Line Drive, 7D, EV 93.1 MPH)
Batting: RHB Sammy Stewart 0-0: Called Strike
0-1: Foul Ball, location: 2F
0-2: Ball
1-2: Ball
2-2: Strikes out swinging
Top of the 4th over - 0 runs, 0 hits, 0 errors, 0 left on base; Los Angeles 3 - San Diego 2
BOTTOM OF THE 4TH
San Diego Padres batting - Pitching for Los Angeles Dodgers : RHP Sammy Stewart
Batting: LHB Darrell Porter 0-0: Ball
1-0: Swinging Strike
1-1: Called Strike
1-2: Ground out U3 (Groundball, 3, EV 101.9 MPH)
Batting: RHB Heriberto Soltero 0-0: Ball
1-0: Foul Ball, location: 2F
1-1: Ground out 6-3 (Groundball, 6, EV 85.0 MPH)
Batting: RHB Dave Edler 0-0: Called Strike
0-1: Called Strike
0-2: Ball
1-2: Foul Ball, location: 2F
1-2: Foul Ball, location: 2F
1-2: Ball
2-2: Ground out 5-3 (Groundball, 56, EV 86.9 MPH)
Bottom of the 4th over - 0 runs, 0 hits, 0 errors, 0 left on base; Los Angeles 3 - San Diego 2
TOP OF THE 5TH
Los Angeles Dodgers batting - Pitching for San Diego Padres : RHP Raymond Prince
Batting: RHB Billy Sample 0-0: Called Strike
0-1: Foul Ball, location: 2F
0-2: Ball
1-2: Strikes out swinging
Batting: RHB Carney Lansford 0-0: Called Strike
0-1: Swinging Strike
0-2: Ball
1-2: Ground out 6-3 (Groundball, 6, EV 107.5 MPH)
Batting: RHB Dick Davis 0-0: Ball
1-0: Called Strike
1-1: Foul Ball, location: 2F
1-2: Ground out 5-3 (Groundball, 56, EV 86.3 MPH)
Top of the 5th over - 0 runs, 0 hits, 0 errors, 0 left on base; Los Angeles 3 - San Diego 2
BOTTOM OF THE 5TH
San Diego Padres batting - Pitching for Los Angeles Dodgers : RHP Sammy Stewart
Batting: LHB Jeffrey Zitek 0-0: Ball
1-0: Ground out 6-3 (Groundball, 6, EV 82.5 MPH)
Batting: RHB Raymond Prince 0-0: Foul Ball, location: 2F
0-1: Ball
1-1: Ground out 6-3 (Groundball, 6, EV 81.9 MPH)
Batting: RHB Bob Dernier 0-0: Foul Ball, location: 2F
0-1: Ball
1-1: Ball
2-1: Swinging Strike
2-2: Foul Ball, location: 2F
2-2: Ball
3-2: SINGLE (Groundball, 6MS, EV 90.0 MPH) (infield hit)
Batting: LHB Jerry McDonald 0-0: Ball
1-0: Called Strike
1-1: Foul Ball, location: 2F
1-2: Ball
Bob Dernier steals 2nd base
2-2: Foul Ball, location: 2F
2-2: Ball
3-2: DOUBLE (Line Drive, 3D, EV 106.9 MPH)
Bob Dernier scores
Batting: LHB Tom Dunbar 0-0: Called Strike
0-1: Ball
1-1: Ball
2-1: Fly out, F7 (Line Drive, 7, EV 97.5 MPH)
Bottom of the 5th over - 1 run, 2 hits, 0 errors, 1 left on base; Los Angeles 3 - San Diego 3
TOP OF THE 6TH
Los Angeles Dodgers batting - Pitching for San Diego Padres : RHP Raymond Prince
Batting: RHB Jerry Keller 0-0: Foul Ball, location: 2F
0-1: Ball
1-1: Called Strike
1-2: Ball
2-2: Strikes out looking
Batting: LHB Ronald Jackson 0-0: Fly out, F7 (Flyball, 7LM, EV 88.1 MPH)
Batting: SHB Chris W Smith 0-0: Ground out 6-3 (Groundball, 6, EV 94.4 MPH)
Top of the 6th over - 0 runs, 0 hits, 0 errors, 0 left on base; Los Angeles 3 - San Diego 3
BOTTOM OF THE 6TH
San Diego Padres batting - Pitching for Los Angeles Dodgers : RHP Sammy Stewart
Batting: RHB Dennis Dungy 0-0: Ball
1-0: Foul Ball, location: 2F
1-1: Foul Ball, location: 2F
1-2: Ball
2-2: Ball
3-2: Foul Ball, location: 2F
3-2: Foul Ball, location: 2F
3-2: Ground out 4-3 (Groundball, 4, EV 94.4 MPH)
Batting: LHB Darrell Porter 0-0: Called Strike
0-1: Ball
1-1: Fly out, F9 (Line Drive, 9, EV 91.9 MPH)
Batting: RHB Heriberto Soltero 0-0: Ground out 5-3 (Groundball, 56S, EV 80.6 MPH)
Bottom of the 6th over - 0 runs, 0 hits, 0 errors, 0 left on base; Los Angeles 3 - San Diego 3
TOP OF THE 7TH
Los Angeles Dodgers batting - Pitching for San Diego Padres : RHP Raymond Prince
Batting: RHB Toby Harrah 0-0: Swinging Strike
0-1: Called Strike
0-2: Ball
1-2: Ball
2-2: Foul Ball, location: 2F
2-2: DOUBLE (Line Drive, 78XD, EV 103.1 MPH)
Batting: RHB Damaso Garcia 0-0: Ball
1-0: Ground out 5-3 (Groundball, 56S, EV 85.0 MPH)
Batting: RHB Sammy Stewart 0-0: Ball
1-0: Ball
2-0: Called Strike
2-1: Ball
3-1: Base on Balls
Batting: RHB Billy Sample 0-0: Ball
1-0: Foul Ball, location: 2F
1-1: Fielders Choice at 2nd, 6-4 (Groundball, 6, EV 88.8 MPH)
Toby Harrah to third
Batting: RHB Carney Lansford 0-0: Called Strike
0-1: Swinging Strike
0-2: Ball
1-2: Fielders Choice at 2nd, 6-4 (Groundball, 6, EV 80.6 MPH)
Top of the 7th over - 0 runs, 1 hit, 0 errors, 2 left on base; Los Angeles 3 - San Diego 3
BOTTOM OF THE 7TH
San Diego Padres batting - Pitching for Los Angeles Dodgers : RHP Sammy Stewart
Batting: RHB Dave Edler 0-0: Ball
1-0: SINGLE (Flyball, 3D, EV 91.3 MPH)
Batting: LHB Jeffrey Zitek 0-0: Ball
Dave Edler steals 2nd base
1-0: Called Strike
1-1: Ball
2-1: Foul Ball, location: 2F
2-2: Fly out, F9 (Flyball, 9D, EV 75.0 MPH)
Runner from 2nd tags up, SAFE at 3rd, no throw by RF
Batting: RHB Raymond Prince 0-0: Foul Ball, location: 2F
0-1: Called Strike
0-2: Strikes out swinging
Batting: RHB Bob Dernier 0-0: Ball
1-0: Ball
2-0: Called Strike
2-1: Foul Ball, location: 2F
2-2: Ball
3-2: Foul Ball, location: 2F
3-2: Base on Balls
Batting: LHB Jerry McDonald 0-0: Fly out, F8 (Flyball, 8LXD, EV 89.4 MPH)
Bottom of the 7th over - 0 runs, 1 hit, 0 errors, 2 left on base; Los Angeles 3 - San Diego 3
TOP OF THE 8TH
Los Angeles Dodgers batting - Pitching for San Diego Padres : RHP Raymond Prince
Batting: RHB Dick Davis 0-0: Ground out 5-3 (Groundball, 5, EV 95.6 MPH)
Batting: RHB Jerry Keller 0-0: Ball
1-0: Called Strike
1-1: Ball
2-1: Called Strike
2-2: Foul Ball, location: 2F
2-2: Ball
3-2: SINGLE (Groundball, 4MD, EV 110.0 MPH)
Batting: LHB Ronald Jackson 0-0: Called Strike
0-1: Called Strike
0-2: Ball
1-2: Strikes out swinging
Batting: SHB Chris W Smith 0-0: Ball
1-0: Fly out, F8 (Flyball, 8LM, EV 92.5 MPH)
Top of the 8th over - 0 runs, 1 hit, 0 errors, 1 left on base; Los Angeles 3 - San Diego 3
BOTTOM OF THE 8TH
San Diego Padres batting - Pitching for Los Angeles Dodgers : RHP Sammy Stewart
Batting: LHB Tom Dunbar 0-0: Ball
1-0: SINGLE (Flyball, 8LS, EV 90.0 MPH)
Pitching: RHP Steve Foucault
Now in CF: John Almon
Batting: RHB Dennis Dungy 0-0: Called Strike
0-1: Foul Ball, location: 2F
0-2: Ball
1-2: Ball
2-2: Ball
3-2: Fly out, F7 (Line Drive, 7, EV 90.0 MPH)
Batting: LHB Darrell Porter 0-0: Ball
Tom Dunbar steals 2nd base
1-0: Intentional Walk
Batting: RHB Heriberto Soltero 0-0: Grounds into double play, 6-4-3 (Groundball, 6, EV 80.0 MPH)
Bottom of the 8th over - 0 runs, 1 hit, 0 errors, 1 left on base; Los Angeles 3 - San Diego 3
TOP OF THE 9TH
Los Angeles Dodgers batting - Pitching for San Diego Padres : RHP Raymond Prince
Batting: RHB Toby Harrah 0-0: Ball
1-0: Swinging Strike
1-1: Ball
2-1: Ground out 6-3 (Groundball, 6, EV 89.4 MPH)
Pinch Hitting: RHB Gary Gaetti 0-0: Ball
1-0: Called Strike
1-1: Swinging Strike
1-2: Ball
2-2: Ball
3-2: Foul Ball, location: 2F
3-2: Strikes out swinging
Batting: RHB John Almon 0-0: SINGLE (Groundball, 56S, EV 66.9 MPH) (infield hit)
Batting: RHB Billy Sample 0-0: 2-RUN HOME RUN (Flyball, 7LD, EV 85.6 MPH), Distance : 354 ft
Pitching: RHP Craig Eaton
Batting: RHB Carney Lansford 0-0: Fly out, F8 (Flyball, 8RD, EV 93.1 MPH)
Top of the 9th over - 2 runs, 2 hits, 0 errors, 0 left on base; Los Angeles 5 - San Diego 3
BOTTOM OF THE 9TH
San Diego Padres batting - Pitching for Los Angeles Dodgers : RHP Steve Foucault
Now at SS: Mike Shelton
Batting: RHB Dave Edler 0-0: Foul Ball, location: 2F
0-1: Ball
1-1: Reached on error, E2 (Groundball, 13S, EV 71.3 MPH)
Batting: LHB Jeffrey Zitek 0-0: Fly out, F5 (Popup, 5SF, EV 73.1 MPH)
Pinch Hitting: LHB Chris Chambliss 0-0: Grounds into double play, 4-6-3 (Groundball, 4D, EV 97.5 MPH)
Bottom of the 9th over - 0 runs, 0 hits, 1 error, 0 left on base; Los Angeles 5 - San Diego 3
Friday, August 7th, 2020 - OOTP Baseball 21.5 Build 76